 Dungeon Crawl Stone Soup version 0.30-a0-364-gf6b3ef1049 (webtiles) character file.

Game seed: 12443268228551466823

3415 Devinter the Covert (level 10, -2/61 HPs)
             Began as a Kobold Monk on Nov 16, 2022.
             Was a Believer of Dithmenos.
             Killed from afar by a steam dragon (21 damage)
             ... with a ball of steam
             ... on level 7 of the Dungeon.
             The game lasted 00:42:26 (6205 turns).

Devinter the Covert (Kobold Monk)                   Turns: 6205, Time: 00:42:26

Health: -2/61      AC:  3    Str:  8    XL:     10   Next: 25%
Magic:  0/27       EV: 23    Int: 12    God:    Dithmenos [**....]
Gold:   136        SH:  0    Dex: 28    Spells: 10/20 levels left

rFire   . . .      SeeInvis .    g - +2 dagger (drain)
rCold   . . .      Faith    .    (no shield)
rNeg    . . .      Spirit   +    b - +0 robe
rPois   .          Reflect  .    (no helmet)
rElec   .          Harm     .    (no cloak)
rCorr   .          Rampage  .    H - +0 pair of gloves
Will    .....                    (no boots)
Stlth   +++++++...               d - amulet of guardian spirit
HPRegen 0.30/turn                o - ring of magical power
MPRegen 0.20/turn                G - +6 ring of dexterity

@: about to teleport, wreathed by umbra
A: small, no large weapons, nightstalker 3
a: Renounce Religion, Shadow Step


You were on level 7 of the Dungeon.
You worshipped Dithmenos.
Dithmenos was pleased with you.
You visited 2 branches of the dungeon, and saw 8 of its levels.

You collected 395 gold pieces.
You spent 259 gold pieces at shops.

Inventory:

Hand Weapons
 g - a +2 dagger of draining (weapon)
 u - a +3 long sword of holy wrath
 F - a +0 rapier
Missiles
 k - a throwing net
 B - 11 poisoned darts (quivered)
Armour
 b - a +0 robe (worn)
 m - a +0 buckler
 H - a +0 pair of gloves (worn)
Jewellery
 d - an amulet of guardian spirit (around neck)
 o - a ring of magical power (left hand)
 A - an amulet of magic regeneration
 D - a ring of protection from fire
 G - a +6 ring of dexterity (right hand)
Wands
 y - a wand of charming (9)
 z - a wand of polymorph (5)
Scrolls
 h - 3 scrolls of vulnerability {unknown}
 i - a scroll of enchant weapon {unknown}
 j - a scroll of magic mapping {unknown}
 l - a scroll of blinking {unknown}
 r - 3 scrolls of poison {unknown}
 s - 5 scrolls of identify
 v - 3 scrolls of teleportation
 w - 2 scrolls of noise
 x - 2 scrolls of amnesia
 C - a scroll of summoning {unknown}
 E - a scroll of brand weapon {unknown}
Potions
 a - a potion of flight
 c - a potion of ambrosia
 e - 4 potions of berserk rage {unknown}
 f - 4 potions of heal wounds
 n - 4 potions of brilliance {unknown}
 p - 4 potions of invisibility {unknown}
 q - 4 potions of attraction
 t - 6 potions of curing


   Skills:
 + Level 6.9 Fighting
 - Level 8.0 Short Blades
 - Level 8.0 Dodging
 - Level 8.0 Stealth
 + Level 3.7 Shields
 + Level 5.6 Spellcasting
 - Level 2.0 Translocations
 - Level 2.0 Transmutations
 - Level 2.0 Ice Magic


You had 10 spell levels left.
You knew the following spells:

 Your Spells              Type           Power      Damage    Failure   Level
a - Wereblood             Tmut           8%         N/A       13%         2
b - Blink                 Tloc           16%        N/A       13%         2
c - Frozen Ramparts       Ice            16%        1d3       26%         3
d - Mephitic Cloud        Conj/Pois/Air  3%         N/A       50%         3

Your spell library contained the following spells:

 Spells                   Type           Power      Damage    Failure   Level
 Beastly Appendage        Tmut           16%        N/A       9%          1
 Freeze                   Ice            32%        1d5       9%          1
 Magic Dart               Conj           12%        1d3       19%         1
 Shock                    Conj/Air       12%        1d3       19%         1
 Momentum Strike          Conj/Tloc      10%        3d8       19%         2
 Lesser Beckoning         Tloc           16%        N/A       26%         3
 Call Imp                 Summ           3%         N/A       28%         2
 Sublimation of Blood     Necr           3%         N/A       28%         2
 Hailstorm                Conj/Ice       5%         3d4       36%         3
 Spider Form              Tmut/Pois      5%         N/A       36%         3
 Inner Flame              Hex/Fire       3%         N/A       50%         3
 Swiftness                Air            3%         N/A       50%         3
 Summon Ice Beast         Ice/Summ       5%         N/A       77%         4
 Airstrike                Air            1%         2d(1-17)  88%         4
 Flame Wave               Conj/Fire      3%         2d5       88%         4
 Sticky Flame             Conj/Fire      3%         2d3       88%         4
 Summon Mana Viper        Hex/Summ       3%         N/A       99%         5
 Monstrous Menagerie      Summ           1%         N/A       100%        7
 Summon Hydra             Summ           1%         N/A       100%        7


Dungeon Overview and Level Annotations

Branches:
Dungeon (7/15)             Temple (1/1) D:7

Altars:
Ashenzari
Cheibriados
Dithmenos
Elyvilon
Fedhas
Hepliaklqana
Makhleb
Nemelex Xobeh
Okawaru
Ru
Sif Muna
Xom
Yredelemnul

Shops:
D:3 !*=:   D:5 ?

Annotations:
D:4 Duvessa


Innate Abilities, Weirdness & Mutations

You are small and have problems with some larger weapons.
You are completely attuned to the shadows.


Message History

The komodo dragon attacks as you move away!
The komodo dragon bites you!
* * * LOW MAGIC WARNING * * *;
* * * LOW HITPOINT WARNING * * *
The komodo dragon attacks as you move away!
The komodo dragon barely misses you.
Casting: Blink (safe; 13% risk of failure)
Confirm with . or Enter, or press ? or * to list all spells.
You blink.
A steam dragon comes into view.
* * * LOW MAGIC WARNING * * *
The steam dragon breathes steam at you. The ball of steam misses you.
You hear a shout! x2
You are engulfed in a cloud of scalding steam.
The steam dragon barely misses you. The steam dragon misses you.
An orc comes into view. It is wielding a +0 club.
You feel much better.
You are engulfed in a cloud of scalding steam.
The orc closely misses you. The steam dragon misses you.
The steam dragon completely misses you.
You hit the orc but do no damage. You drain the orc.
The orc is heavily wounded.
The steam dragon closely misses you. The steam dragon claws you.
The orc completely misses you.
You hit the orc. You drain the orc.
You kill the orc!
Dithmenos accepts your kill.
You feel stable enough to blink again. The steam dragon breathes steam at you.
The ball of steam hits you!
* * * LOW HITPOINT WARNING * * *
You hear a shout!
Things that are here:
a +0 club; a +0 leather armour; an orc corpse
As you read the scroll of teleportation, it crumbles to dust.
You feel strangely unstable. The orc warrior completely misses you.
The steam dragon breathes steam at you. The ball of steam hits you!!
* * * LOW MAGIC WARNING * * *
You die...

#...............#
#....###
##.####.........###..o.#
#.# #................#
#.# #.........###....###
#.######...........#.....
#......#....#........####
######.#....##...#####...
#§#....#..### #.#.
#l#@o##..## #..#
#.#§.##.## ######.#
#.#§D#†.# ##.......
#l#..#.## ##..####.#
###.#).#.# #..## #..#
....§...#.# #.## #.#.
####.l.#..# #.# #. .
#####.#####.## #.##.....#


You could see a steam dragon (catching breath) and an orc warrior.

Vanquished Creatures
  A steam dragon (D:6)
  Edmund (D:4)
  A water moccasin (D:6)
  3 orc warriors
  2 ice beasts (D:7)
  4 black bears
  3 ogres
  A centaur (D:7)
  4 phantoms
  5 bullfrogs (D:7)
  A gnoll sergeant (D:6)
  3 necrophages
  4 scorpions
  3 wights (D:7)
  Dowan (D:4)
  2 howler monkeys
  2 quasits (D:6)
  4 hounds
  An orc priest (D:6)
  A jelly (D:7)
  An iguana (D:5)
  2 orc wizards (D:6)
  3 gnolls (D:6)
  10 adders
  A white imp (D:7)
  5 ufetubi (D:6)
  2 worms
  4 dart slugs
  14 orcs
  6 endoplasms
  2 giant cockroaches
  10 goblins
  3 hobgoblins
  A jackal (D:1)
  5 quokkas
  9 ball pythons
  6 bats
  5 frilled lizards
  8 kobolds
  6 rats
150 creatures vanquished.

Vanquished Creatures (others)
  A white imp (D:6)
  4 demonic plants (D:6)
  5 plants (D:7)
10 creatures vanquished.

Grand Total: 160 creatures vanquished

Notes
Turn   | Place    | Note
-------+----------+-------------------------------------------
     0 | D:1      | Devinter the Kobold Monk began the quest for the Orb.
     0 | D:1      | Reached XP level 1. HP: 14/14 MP: 1/1
   216 | D:1      | You fall into a shaft and drop 1 floor!
   231 | D:1      | Reached skill level 3 in Stealth
   283 | D:1      | Reached XP level 2. HP: 14/19 MP: 2/2
   599 | D:1      | Reached skill level 4 in Dodging
   639 | D:1      | Reached XP level 3. HP: 24/24 MP: 3/3
   896 | D:2      | Found a faded altar of an unknown god.
  1024 | D:2      | Learned a level 2 spell: Wereblood
  1274 | D:2      | Reached skill level 4 in Fighting
  1274 | D:2      | Reached skill level 4 in Stealth
  1274 | D:2      | Reached XP level 4. HP: 19/29 MP: 4/4
  1509 | D:3      | Found Meul's Assorted Antiques.
  1513 | D:3      | Bought a scroll labelled VOQAEMO HIQE for 19 gold pieces
  1513 | D:3      | Bought a fizzy green potion for 17 gold pieces
  1513 | D:3      | Bought a scroll labelled IJE BYKHASIRCH for 19 gold pieces
  1612 | D:3      | Found Kator's Distillery.
  1618 | D:3      | Bought a potion of attraction for 36 gold pieces
  1618 | D:3      | Bought a potion of curing for 36 gold pieces
  1682 | D:3      | Reached skill level 1 in Spellcasting
  1682 | D:3      | Reached skill level 1 in Transmutations
  1712 | D:3      | Found Mefaut's Jewellery Boutique.
  1733 | D:3      | Learned a level 2 spell: Blink
  1961 | D:3      | Found Roocit's Book Shop.
  2049 | D:3      | Reached XP level 5. HP: 33/33 MP: 6/6
  2268 | D:4      | Noticed a black bear
  2272 | D:4      | Killed a black bear
  2273 | D:4      | Reached skill level 5 in Stealth
  2273 | D:4      | Reached skill level 2 in Spellcasting
  2273 | D:4      | Reached skill level 1 in Translocations
  2273 | D:4      | Reached skill level 2 in Transmutations
  2273 | D:4      | Reached XP level 6. HP: 38/38 MP: 9/9
  2277 | D:4      | Noticed a black bear
  2320 | D:4      | Noticed Dowan
  2339 | D:4      | Noticed Duvessa
  2479 | D:4      | Reached skill level 6 in Stealth
  2479 | D:4      | Reached skill level 2 in Translocations
  2504 | D:4      | Noticed Edmund
  2549 | D:4      | Killed Edmund
  2550 | D:4      | Reached skill level 7 in Stealth
  2550 | D:4      | Reached XP level 7. HP: 22/43 MP: 7/10
  2682 | D:4      | HP: 4/43 [black bear (8)]
  2687 | D:4      | HP: 4/43 [black bear (4)]
  2689 | D:4      | Reached skill level 8 in Stealth
  3034 | D:4      | Reached skill level 5 in Short Blades
  3259 | D:4      | Reached skill level 6 in Short Blades
  3409 | D:4      | Killed Dowan
  3410 | D:4      | Reached XP level 8. HP: 48/48 MP: 11/11
  3427 | D:4      | Reached skill level 7 in Short Blades
  3607 | D:5      | Entered Level 5 of the Dungeon
  3636 | D:5      | Found Jagowk's Magic Scroll Shoppe.
  3641 | D:5      | Bought a scroll of identify for 22 gold pieces
  3641 | D:5      | Bought a scroll of identify for 22 gold pieces
  3641 | D:5      | Bought a scroll of amnesia for 44 gold pieces
  3641 | D:5      | Bought a scroll of teleportation for 33 gold pieces
  3641 | D:5      | Bought a scroll of noise for 11 gold pieces
  3996 | D:5      | Found a hazy altar of Hepliaklqana.
  4093 | D:5      | Reached skill level 3 in Spellcasting
  4097 | D:5      | Reached skill level 8 in Short Blades
  4312 | D:6      | Reached skill level 4 in Spellcasting
  4337 | D:6      | Reached skill level 1 in Ice Magic
  4356 | D:6      | Reached skill level 5 in Dodging
  4356 | D:6      | Reached skill level 2 in Ice Magic
  4393 | D:6      | Reached XP level 9. HP: 41/52 MP: 15/15
  4397 | D:6      | Reached skill level 6 in Dodging
  4662 | D:6      | Reached skill level 7 in Dodging
  4900 | D:6      | Reached skill level 8 in Dodging
  5092 | D:6      | Reached skill level 1 in Shields
  5096 | D:6      | Learned a level 3 spell: Frozen Ramparts
  5195 | D:6      | Reached skill level 5 in Fighting
  5431 | D:7      | Learned a level 3 spell: Mephitic Cloud
  5461 | D:7      | Found a staircase to the Ecumenical Temple.
  5467 | Temple   | Entered the Ecumenical Temple
  5610 | Temple   | Became a worshipper of Dithmenos the Shadowed
  5610 | Temple   | Reached * piety under Dithmenos
  5610 | Temple   | Reached ** piety under Dithmenos
  5668 | D:7      | Reached skill level 2 in Shields
  5983 | D:7      | Reached skill level 6 in Fighting
  5985 | D:7      | Reached XP level 10. HP: 52/60 MP: 17/17
  6000 | D:7      | Reached skill level 3 in Shields
  6008 | D:7      | Reached skill level 5 in Spellcasting
  6086 | D:7      | Noticed a komodo dragon
  6166 | D:7      | HP: 1/61 [komodo dragon (15)]
  6205 | D:7      | Killed from afar by a steam dragon

Illustrated notes

Levels and vault maps discovered:
D:1:      evilmike_arrival_plus, layout_basic, minmay_hexomino_c4
D:2:      layout_basic, basic_ecumenical_altar, minmay_misc_feat_rows
D:3:      minmay_chambers_of_threes, layout_basic, serial_shops, shop, shop,
          nicolae_shop_stone, shop
D:4:      layout_loops_ring, kennysheep_generic_room_14, uniq_edmund,
          uniq_duvessa
D:5:      layout_loops_cross, mainiacjoe_overflow_surrounded_room, serial_shops,
          shop_scrolls
D:6:      layout_rooms, serial_demonic, serial_demonic_b, serial_demonic_b,
          serial_demonic_f, serial_demonic_a
D:7:      minmay_the_grid_plus_closed [minmay_the_grid_small_cups,
          minmay_the_grid_odd_star, minmay_the_grid_garden, minmay_the_grid_x,
          minmay_the_grid_prize_four_corners_diamond_b], layout_basic,
          jmf_multi_god_temple2, general_overflow_altar,
          minmay_temple_entry_statues_fountains, enter_bailey_3
Temple:   nicolae_temple_slightly_damp_pantheon

Skill      XL: |  1  2  3  4  5  6  7  8  9 10 |
---------------+-------------------------------+-----
Stealth        | 3 4 5 7 8 |  8.0
Dodging        | 4 5 8 |  8.0
Fighting       | 4 6 |  6.9
Spellcasting   | 1 2 4 5 |  5.6
Transmutations | 1 2 |  2.0
Translocations | 1 2 |  2.0
Short Blades   | 6 8 |  8.0
Ice Magic      | 2 |  2.0
Shields        | 2 3 |  3.7

Action                   |  1- 3 |  4- 6 |  7- 9 | 10-12 || total
-------------------------+-------+-------+-------+-------++-------
Melee: Short sword       |    71 |   158 |   141 |       ||   370
       Dagger            |       |       |   210 |    71 ||   281
       Punch             |       |       |     1 |     1 ||     2
       Long sword        |       |       |       |     7 ||     7
Throw: Throwing net      |       |     1 |       |       ||     1
       Dart              |       |       |     1 |       ||     1
 Cast: Wereblood         |       |     1 |     1 |       ||     2
       Blink             |       |     2 |     2 |     6 ||    10
Evoke: Wand              |       |     4 |    14 |       ||    18
  Use: Potion            |       |       |     4 |     3 ||     7
       Scroll            |       |       |       |     1 ||     1
 Stab: Sleeping          |    17 |    17 |    15 |     2 ||    51
       Distracted        |       |       |     7 |       ||     7
Armor: Robe              |     9 |     8 |    19 |     6 ||    42
Dodge: Dodged            |    29 |    78 |   262 |    79 ||   448

Table legend: (Time is in decaauts)
 A = Elapsed time spent in this place.
 B = Non-inter-level travel time spent in this place.
 C = Inter-level travel time spent in this place.
 D = Time resting spent in this place.
 E = Time spent auto-exploring this place.
 F = Levels seen in this place.
 G = Mean time per level.
                   A        B        C        D        E       F      G
               +--------+--------+--------+--------+--------+-----+--------+
         Total |   6000 |   5822 |    178 |    970 |    992 |   8 |  750.0 |
       Dungeon |   5822 |   5644 |    178 |    970 |    992 |   7 |  831.7 |
        Temple |    178 |    178 |      0 |      0 |      0 |   1 |  178.0 |
               +--------+--------+--------+--------+--------+-----+--------+

Top non-repeatable levels by time:
     D:4: 1193 daAuts
     D:6: 1031 daAuts
     D:3: 931 daAuts
     D:1: 799 daAuts
     D:5: 684 daAuts
     D:2: 615 daAuts
     D:7: 566 daAuts
  Temple: 178 daAuts
